 Dungeon Crawl Stone Soup version 0.28-b1-25-g9875b3fc8c (webtiles) character file.

Game seed: 5383865217284151717

397 tizbic2 the Shield-Bearer (level 6, 0/32 HPs)
             Began as a Vine Stalker Fighter on Feb 2, 2022.
             Was an Elder of Makhleb.
             Slain by Menkaure (18 damage)
             ... in an ossuary.
             The game lasted 00:23:41 (3585 turns).

tizbic2 the Shield-Bearer (Vine Stalker Fighter)    Turns: 3585, Time: 00:23:42

Health: 0/32       AC: 11    Str: 21    XL:     6   Next: 83%
Magic:  0/9        EV:  9    Int: 11    God:    Makhleb [****..]
Gold:   122        SH:  5    Dex: 13    Spells: 8/8 levels left

rFire   . . .      SeeInvis .   t - +0 morningstar
rCold   . . .      Faith    .   c - +0 buckler
rNeg    . . .      Spirit   +   b - +0 scale mail
rPois   .          Reflect  .   (no helmet)
rElec   .          Harm     .   (no cloak)
rCorr   .          Rampage  .   e - +3 Mad Mage's Maulers {Infuse+∞ RegenMP Int-3}
Will    .....                   (no boots)
Stlth   ..........              (no amulet)
HPRegen 0.90/turn               n - +6 ring of intelligence
MPRegen 0.51/turn               (no ring)

@: no status effects
A: fangs 2, regeneration 1, magic shield, antimagic bite, no potion heal 2
a: Renounce Religion, Minor Destruction, Lesser Servant of Makhleb, Major
Destruction


You were in an ossuary.
You worshipped Makhleb.
Makhleb was greatly pleased with you.
You visited 1 branch of the dungeon, and saw 4 of its levels.
You also visited: Ossuary.

You collected 122 gold pieces.

Inventory:

Hand Weapons
 a - a +0 flail
 t - a +0 morningstar (weapon)
Missiles
 f - 2 boomerangs
 h - 3 javelins
Armour
 b - a +0 scale mail (worn)
 c - a +0 buckler (worn)
 e - the +3 Mad Mage's Maulers (worn) {Infuse+∞ RegenMP Int-3}
   (You found it on level 2 of the Dungeon)

   It empowers its wearer's blows with all of their magic.
   It causes its wearer's magical reserves to regenerate more quickly.
   Int:       It affects your intelligence (-3).
 g - a +1 pair of gloves
 j - a +0 leather armour of poison resistance
Jewellery
 n - a +6 ring of intelligence (left hand)
Scrolls
 i - a scroll of fog
 k - 2 scrolls of teleportation
Potions
 d - a potion of might
 m - a potion of magic {unknown}
 p - a potion of flight {unknown}
 q - a potion of degeneration {unknown}
 r - a potion of curing


   Skills:
 + Level 3.3 Fighting
 * Level 3.2 Maces & Flails
 * Level 3.4 Armour
 * Level 3.7 Shields
 + Level 1.8 Spellcasting
 * Level 2.7 Invocations


You had 8 spell levels left.
You didn't know any spells.
Your spell library contained the following spells:

 Spells                   Type           Power      Damage    Failure   Level
 Static Discharge         Conj/Air       1%         N/A       85%         2
 Portal Projectile        Hex/Tloc       2%         N/A       97%         3
 Dispel Undead            Necr           1%         3d6       100%        4
 Sticky Flame             Conj/Fire      1%         2d3       100%        4
 Blade Hands              Tmut           0%         N/A       100%        5
 Excruciating Wounds      Necr           0%         N/A       100%        5


Dungeon Overview and Level Annotations

Branches:
Dungeon (4/15)            Ossuary (1/1)
 Temple: D:4-7

Altars:
Elyvilon
Makhleb

Annotations:
D:4 2 transporters, YungCoward's ghost, amateur GrEE Ossuary Menkaure


Innate Abilities, Weirdness & Mutations

You have extremely sharp teeth.
Your natural rate of healing is unusually fast.
When hurt, damage is shared between your health and your magic reserves.
Your bite disrupts and absorbs the magic of your enemies.
Potions cannot restore your health.


Message History

Aim: a mummy (lightly damaged)
The glob of acid hits the mummy!
The acid corrodes the mummy!
The mummy is heavily damaged.
Aiming: Minor Destruction (4% risk of failure)
Press: ? - help, Q - select action, (/) - cycle Shift-Dir - straight line, f/p - mummy
Aim: a mummy (heavily damaged, covered in acid)
The mummy is unaffected.
Aiming: Minor Destruction (4% risk of failure)
Press: ? - help, Q - select action, (/) - cycle Shift-Dir - straight line, f/p - mummy
Aim: a mummy (heavily damaged, covered in acid)
The puff of flame hits the mummy!
The mummy is burned terribly!
You destroy the mummy!
Makhleb accepts your kill.
Aiming: Minor Destruction (4% risk of failure)
Press: ? - help, Q - select action, (/) - cycle Shift-Dir - straight line, f - Menkaure
Aim: Menkaure (lightly damaged, covered in acid)
The zap hits Menkaure.
Menkaure is moderately damaged.
Menkaure casts a spell.
Menkaure seems to speed up.
You barely miss the goblin skeleton.
The goblin skeleton is severely damaged.
Menkaure calls on the powers of darkness!
Your body is wracked with pain!
The goblin skeleton hits you but does no damage.
You barely miss the goblin skeleton. You bite the goblin skeleton.
You destroy the goblin skeleton!
Makhleb accepts your kill.
You feel better.
Menkaure blazes with dark energy!
Menkaure completely misses you.
You hit Menkaure.
Menkaure is heavily damaged.
Menkaure barely misses you. Menkaure hits you!
You sock Menkaure! You bite Menkaure.
Menkaure's magic leaks into the air.
You drain his magic.
You feel invigorated.
Menkaure is almost destroyed.
Menkaure hits you!!
Ouch! That really hurt!
You die...

#..##..##..####..##..##..##
..##..##..##.!##..##..##..##
.##..##..## !?##..##..##..##
##..##..## .!##..##..##..##
#..##..## ..##..##..##..##
..##..## MM##..##..##..## .##..##
..##..##..##..##
##..##############''##..##..##..#
#...............@MM..##..##..##..
########################..##..##.
...........................##..##
##############################..#
.................................
#################################


You could see Menkaure (fast, corroded, magic disrupted) and a mummy.

Vanquished Creatures
  A hound (D:2)
  An iguana (D:4)
  Natasha (thrice) (D:3)
  An orc wizard (D:3)
  2 mummies (Ossuary)
  Robin (D:3)
  4 gnolls (D:3)
  2 adders
  3 worms
  2 dart slugs
  4 orcs
  9 bats
  8 endoplasms
  9 giant cockroaches
  5 gnoll zombies (Ossuary)
  14 goblins
  8 hobgoblins
  2 jackals (D:3)
  8 kobolds
  2 quokkas
  8 ball pythons
  4 frilled lizards
  A gnoll skeleton (Ossuary)
  4 goblin skeletons (Ossuary)
  3 goblin zombies (Ossuary)
  5 hobgoblin skeletons (Ossuary)
  4 hobgoblin zombies (Ossuary)
  3 kobold skeletons (Ossuary)
  4 kobold zombies (Ossuary)
  4 orc skeletons (Ossuary)
  5 orc zombies (Ossuary)
  A rat (D:1)
  8 rat skeletons (Ossuary)
  3 rat zombies (Ossuary)
146 creatures vanquished.

Notes
Turn   | Place    | Note
-------+----------+-------------------------------------------
     0 | D:1      | tizbic2 the Vine Stalker Fighter began the quest for the
                  | Orb.
     0 | D:1      | Reached XP level 1. HP: 11/11 MP: 2/2
   574 | D:1      | Reached XP level 2. HP: 15/16 MP: 3/3
   644 | D:1      | Found a faded altar of an unknown god.
   693 | D:1      | Prayed at the altar of an unknown god.
   693 | D:1      | Became a worshipper of Makhleb the Destroyer
   693 | D:1      | Reached * piety under Makhleb
   890 | D:1      | Reached XP level 3. HP: 12/19 MP: 4/4
  1600 | D:2      | Reached skill level 1 in Invocations
  1629 | D:2      | Reached ** piety under Makhleb
  1649 | D:2      | Gained mutation: Your natural rate of healing is unusually
                  | fast. [Vine Stalker growth]
  1649 | D:2      | Reached XP level 4. HP: 20/24 MP: 6/6
  1769 | D:2      | Reached skill level 1 in Spellcasting
  1979 | D:2      | Found the +3 Mad Mage's Maulers {Infuse+∞ RegenMP Int-3}
  2049 | D:2      | Found a white marble altar of Elyvilon.
  2263 | D:3      | Noticed Natasha
  2272 | D:3      | Killed Natasha
  2273 | D:3      | Reached XP level 5. HP: 28/28 MP: 0/7
  2579 | D:3      | Noticed Natasha
  2583 | D:3      | Killed Natasha
  2692 | D:3      | Noticed Natasha
  2698 | D:3      | Killed Natasha
  2699 | D:3      | Reached XP level 6. HP: 32/32 MP: 0/9
  2765 | D:3      | Noticed Robin
  2777 | D:3      | Reached *** piety under Makhleb
  2785 | D:3      | Killed Robin
  3148 | D:4      | Found a transporter.
  3152 | D:4      | Noticed YungCoward's ghost (amateur GrEE)
  3206 | D:4      | Found a transporter.
  3270 | D:4      | Found a sand-covered staircase.
  3277 | Ossuary  | Entered an ossuary
  3373 | Ossuary  | Reached **** piety under Makhleb
  3575 | Ossuary  | Noticed Menkaure
  3585 | Ossuary  | Slain by Menkaure

Illustrated notes

Levels and vault maps discovered:
D:1:      dpeg_arrival_water_temple_mockup, layout_basic,
          hellmonk_ecumenical_altar_zigzags
D:2:      minmay_general_purpose_star, layout_loops_cross, basic_altar,
          chequers_serial_rivers_small_a
D:3:      layout_basic, grunt_decor_fettered, kennysheep_generic_room_12,
          uniq_natasha, uniq_robin
D:4:      layout_basic, gammafunk_ghost_mausoleum, serial_corexii_hall,
          corexii_hall_statues_s, chequers_hall_statues_y, serial_shops,
          shop_statue, nicolae_ossuary_entry_monument, supply_closet_lemuel,
          uniq_blork_the_orc
Ossuary:  ossuary_due_pyramid

Skill      XL: |  1  2  3  4  5  6 |
---------------+-------------------+-----
Maces & Flails | 2 3 |  3.2
Shields        | 3 |  3.7
Fighting       | 3 |  3.3
Invocations    | 1 2 |  2.7
Spellcasting   | 1 |  1.8
Armour         | 3 |  3.4

Action                   |  1- 3 |  4- 6 || total
-------------------------+-------+-------++-------
Melee: Flail             |    24 |       ||    24
       Bite              |    32 |    33 ||    65
       Club              |    52 |       ||    52
       Whip              |    81 |     1 ||    82
       Morningstar       |       |   141 ||   141
Throw: Stone             |    17 |     1 ||    18
Invok: Minor Destruction |       |    86 ||    86
  Use: Scroll            |     1 |     5 ||     6
Armor: Scale mail        |    19 |    12 ||    31
       Ring mail         |    53 |    40 ||    93
Dodge: Dodged            |    99 |    49 ||   148
Block: Buckler           |    35 |    22 ||    57
